 Dungeon Crawl Stone Soup version 0.31-a0-986-g5e6e4ef867 (webtiles) character file.

Game seed: 15180213119234849694

29 Crabhammer the Insei (level 3, -3/34 HPs)
             Began as an Octopode Shapeshifter on Nov 21, 2023.
             Slain by an orc wizard
             ... wielding a +0 dagger of venom
              (5 damage)
             ... on level 2 of the Dungeon.
             The game lasted 00:01:46 (684 turns).

Crabhammer the Insei (Octopode Shapeshifter)         Turns: 684, Time: 00:01:50

Health: -3/34      AC:  1    Str: 13    XL:     3   Next: 16%
Magic:  3/3        EV: 13    Int: 12    God:
Gold:   61         SH:  0    Dex: 13    Spells: 2/2 levels left

rFire   . .          .
                       - Unarmed
rCold   . . .        (no shield)
rNeg    . . .        (helmet currently unavailable)
rPois   .            (no amulet)
rElec   .            (no ring)
rCorr   .            (no ring)
SInv    .            (no ring)
Will    .....        (no ring) Stlth
                     (no ring)
HPRegen 0.25/turn    (no ring)
MPRegen 0.08/turn    (no ring)
                     (no ring)

%: no passive effects
@: berserking, lethally poisoned (-3 -> -21), beast-form, very quick
A: beast (slay +2), almost no armour, amphibious, 8 rings, camouflage 1,
gelatinous body 1, (nimble swimmer 1), tentacles
a: Begin Untransformation


You were on level 2 of the Dungeon.
You were a hulking beast.
You visited 1 branch of the dungeon, and saw 2 of its levels.

You collected 61 gold pieces.

Inventory:

Talismans
 b - a beast talisman
 c - a flux talisman
Scrolls
 d - a scroll of blinking {unknown}
 e - a scroll of identify {unknown}
Potions
 a - a potion of lignification


   Skills:
 + Level 1.0 Fighting
 - Level 2.0 Dodging
 + Level 3.6 Unarmed Combat
 + Level 3.5 Shapeshifting


You had 2 spell levels left.
You didn't know any spells.
Your spell library was empty.

Dungeon Overview and Level Annotations

Branches:
Dungeon (2/15)

Altars:

Shops:
D:1 *


Innate Abilities, Weirdness & Mutations

You are a hulking beast.
Your limbs bulge with bestial killing power. (Slay +2)
You cannot wear most types of armour.
You are amphibious.
You can wear up to eight rings at the same time.
Your skin changes colour to match your surroundings (Stealth+).
Your rubbery body absorbs attacks. (AC +1, EV +1)
((You are camouflaged when in or above water. (Stealth+)))
You have tentacles for arms and can constrict up to eight enemies at once.


Message History

You have reached level 3!
Your experience leads to an increase in your attributes!
Increase (S)trength, (I)ntelligence, or (D)exterity?
You feel agile. x2
You start resting.
An endoplasm is nearby!
You tentacle-slap the endoplasm.
Your tentacle-slap misses the endoplasm.
The endoplasm is heavily wounded.
The endoplasm freezes you.
You are frozen.
You tentacle-slap the endoplasm but do no damage.
You squeeze the endoplasm.
You kill the endoplasm!
You closely miss the orc. You grab the orc. You tentacle-slap the orc.
The orc is lightly wounded.
You constrict the orc, but do no damage.
The orc hits you with a +0 whip.
You tentacle-slap the orc but do no damage.
The orc is lightly wounded.
You constrict the orc. The orc misses you.
You tentacle-slap the orc. x2
The orc is almost dead.
You constrict the orc.
You kill the orc!
You start resting.
Something completely misses you.
You start resting.
Something hits you.
You are lethally poisoned!
You miss something. Your squeeze misses something.
You feel very sick. Something hits you.
* * * LOW HITPOINT WARNING * * *
You are more poisoned.
It was a potion of berserk rage.
A red film seems to cover your vision as you go berserk!
You feel yourself moving faster!
You feel mighty!
* * * LOW HITPOINT WARNING * * *
You feel very sick. Something hits you.
You die...

###+# #..[.
.#....#
o{?....##
#oJ....## #..#
##)#
#h##+#####
#........#
+...>....#
#........#
####'#####
#....#######.#
####......##.#
######.##.#
#.##.#


There were no monsters in sight!

Vanquished Creatures
  An adder (D:2)
  An orc (D:2)
  A ball python (D:1)
  2 bats (D:1)
  3 endoplasms
  2 goblins (D:1)
  2 quokkas (D:1)
  3 kobolds (D:1)
  2 rats (D:1)
17 creatures vanquished.

Notes
Turn   | Place    | Note
-------+----------+-------------------------------------------
     0 | D:1      | Crabhammer the Octopode Shapeshifter began the quest for
                  | the Orb.
     0 | D:1      | Reached XP level 1. HP: 13/13 MP: 1/1
   108 | D:1      | Found a faded altar of an unknown god.
   170 | D:1      | Reached XP level 2. HP: 5/18 MP: 2/2
   283 | D:1      | Found Etsom's General Store.
   671 | D:2      | Reached XP level 3. HP: 20/23 MP: 3/3
   684 | D:2      | Slain by an orc wizard

Illustrated notes

Levels and vault maps discovered:
D:1:      reono_arrival_mine, layout_basic,
          ebering_ecumenical_altar_sacrificial, serial_shops,
          nicolae_shop_trees, minmay_split_cup_large
D:2:      layout_basic

Action                     || total
---------------------------++-------
  Melee: Unarmed           ||    30
         Constrict         ||     8
         Tentacles         ||     4
         Punch             ||     2
    Use: Potion            ||     1
   Stab: Sleeping          ||     4
 Armour: Skin              ||    12
  Dodge: Dodged            ||    13

Table legend: (Time is in decaauts)
 A = Elapsed time spent in this place.
 B = Non-inter-level travel time spent in this place.
 C = Inter-level travel time spent in this place.
 D = Time resting spent in this place.
 E = Time spent auto-exploring this place.
 F = Levels seen in this place.
 G = Mean time per level.
                   A        B        C        D        E       F      G
               +--------+--------+--------+--------+--------+-----+--------+
         Total |    682 |    662 |     20 |     53 |    479 |   2 |  341.0 |
       Dungeon |    682 |    662 |     20 |     53 |    479 |   2 |  341.0 |
               +--------+--------+--------+--------+--------+-----+--------+

Top non-repeatable levels by time:
     D:1: 602 daAuts
     D:2: 80 daAuts
